 Dungeon Crawl Stone Soup version 0.24-a0-464-g6b2be6b8c7 (webtiles) character file.

Game seed: 4406145416636835454

736 Bikalo the Slasher (level 7, 0/53 HPs)
             Began as a Merfolk Skald on July 3, 2019.
             Was an Elder of Cheibriados.
             Succumbed to a worker ant's poison
             ... on level 4 of the Dungeon.
             The game lasted 00:12:48 (5101 turns).

Bikalo the Slasher (Merfolk Skald)                  Turns: 5101, Time: 00:12:49

Health: 0/53       AC:  4    Str: 20    XL:     7   Next: 74%
Magic:  11/11      EV: 13    Int: 22    God:    Cheibriados [****..]
Gold:   144        SH: 10    Dex: 24    Spells: 7/10 levels left

rFire    . . .     SeeInvis .   a - +0 falchion
rCold    . . .     Gourm    .   n - +0 shield {AC+3}
rNeg     . . .     Faith    .   b - +0 leather armour
rPois    .         Spirit   .   (helmet restricted)
rElec    .         Reflect  .   (no cloak)
rCorr    .         Harm     .   (no gloves)
MR       .....                  (no boots)
Stlth    ++........             (no amulet)
HPRegen  0.17/turn              (no ring)
MPRegen  0.12/turn              (no ring)

@: lethally poisoned (0 -> -15), about to teleport, very slow
A: change form in water, swift swim, stealthy swim, antennae 1, deformed body,
high mp 1, wild magic 1
a: Bend Time, Temporal Distortion, Slouch, Renounce Religion


You were on level 4 of the Dungeon.
You worshipped Cheibriados.
Cheibriados was greatly pleased with you.
You were not hungry.

You visited 1 branch of the dungeon, and saw 4 of its levels.

You collected 144 gold pieces.

Inventory:

Hand Weapons
 a - a +0 falchion (weapon)
Armour
 b - a +0 leather armour (worn)
 n - a +0 shield of protection (worn)
Jewellery
 m - an uncursed ring of ice {unknown}
 o - a +4 ring of slaying {unknown}
 u - a +3 ring of evasion {unknown}
Wands
 h - a wand of enslavement (2)
Scrolls
 c - a scroll of identify
 e - a scroll of teleportation
 g - a scroll of blinking {unknown}
 i - a scroll of enchant armour {unknown}
 l - 2 scrolls of remove curse {unknown}
 q - a scroll of noise {unknown}
 r - a scroll of amnesia {unknown}
 t - a scroll of random uselessness {unknown}
Potions
 f - 2 potions of brilliance
 j - a potion of agility
 k - a potion of ambrosia
Comestibles
 d - 12 rations
 p - 2 chunks of flesh


   Skills:
 + Level 3.9 Fighting
 * Level 5.2 Long Blades
 - Level 1.0 Armour
 + Level 4.8 Dodging
 + Level 2.5 Shields
 - Level 2.0 Spellcasting
 + Level 4.8 Charms
 + Level 3.0 Invocations


You had 7 spell levels left.
You knew the following spells:

 Your Spells              Type           Power        Failure   Level  Hunger
a - Infusion              Chrm           ####         16%         1    #......
b - Song of Slaying       Chrm           ####....     24%         2    ##.....

Your spell library contained the following spells:

 Spells                   Type           Power        Failure   Level  Hunger
 Shroud of Golubria       Chrm/Tloc      ###...       50%         2    ##.....
 Regeneration             Chrm/Necr      ###.......   73%         3    ###....
 Spectral Weapon          Hex/Chrm       ###.....     73%         3    ###....


Dungeon Overview and Level Annotations

Branches:
Dungeon (4/15)
 Temple: D:4-7

Altars:
Cheibriados
Dithmenos
Elyvilon
Gozag
Hepliaklqana
Okawaru
Uskayaw
Wu Jian
The Shining One

Annotations:
D:4 Menkaure


Innate Abilities, Weirdness & Mutations

You revert to your normal form in water.
You are very nimble and swift while swimming.
You are very stealthy in the water. (Stealth+)
You have a pair of small antennae on your head.
Armour fits poorly on your strangely shaped body.
You have an increased reservoir of magic. (+10% MP)
Your spells are a little harder to cast, but a little more powerful.


Message History

The worker ant poisons you!
* * * LOW HITPOINT WARNING * * *
You feel sick. The worker ant barely misses you.
You riposte.
You hit the worker ant.
The worker ant is almost dead.
Menkaure rustles drily.
As you read the scroll labeled PIANTU CYQERO, it crumbles to dust.
It is a scroll of identify.
e - 2 scrolls of teleportation
* * * LOW HITPOINT WARNING * * *
You feel sick. The worker ant bites you.
* * * LOW HITPOINT WARNING * * *
You are more poisoned.
The worker ant poisons you!
Okay, then.
As you read the scroll of teleportation, it crumbles to dust.
You feel strangely unstable.
* * * LOW HITPOINT WARNING * * *
You feel sick. The worker ant barely misses you.
You die...

###.##...#
.........#
.........# #
.##.###.## #. #.#
#w# #._ #.# #.#
#... #.# #M#
#....###.###a#
..........@..#
....##.######
###.##.## ..
#......########
..
#..............
...
....###..#######.
..# ### #..# ..##
#..# ...######
#..#######.#


You could see a worker ant.

Vanquished Creatures
  Edmund (D:4)
  An orc warrior (D:3)
  A vampire bat (D:3)
  A howler monkey (D:4)
  An orc priest (D:3)
  A hound (D:4)
  A centaur skeleton (D:4)
  2 orc wizards (D:3)
  Ijyb (D:4)
  2 worker ants (D:4)
  4 adders
  An adder skeleton (D:4)
  3 worms
  2 dart slugs
  3 fire bats (D:3)
  2 leopard geckos
  9 orcs
  2 spectral bats (D:3)
  A ball python (D:3)
  3 bat skeletons (D:3)
  A bat zombie (D:3)
  7 giant cockroaches
  10 goblins
  9 hobgoblins
  5 jackals (D:2)
  6 kobolds
  2 quokkas
  16 bats
  A bat simulacrum (D:3)
  6 frilled lizards
  8 rats
113 creatures vanquished.

Notes
Turn   | Place    | Note
-------+----------+-------------------------------------------
     0 | D:1      | Bikalo the Merfolk Skald began the quest for the Orb.
     0 | D:1      | Reached XP level 1. HP: 16/16 MP: 3/3
    94 | D:1      | Found a snail-covered altar of Cheibriados.
   106 | D:1      | Became a worshipper of Cheibriados the Contemplative
   248 | D:1      | Reached XP level 2. HP: 17/22 MP: 5/5
   566 | D:2      | Found a hazy altar of Hepliaklqana.
   712 | D:2      | Reached XP level 3. HP: 27/28 MP: 6/6
  1117 | D:2      | Reached skill level 3 in Long Blades
  1117 | D:2      | Reached skill level 1 in Armour
  1204 | D:2      | Reached * piety under Cheibriados
  1275 | D:2      | Reached skill level 1 in Invocations
  1426 | D:2      | Reached XP level 4. HP: 30/34 MP: 7/7
  1686 | D:3      | Found an opulent altar of Gozag.
  1689 | D:3      | Found a glowing golden altar of the Shining One.
  1692 | D:3      | Found a shadowy altar of Dithmenos.
  1872 | D:3      | Found an ornate altar of the Wu Jian Council.
  2138 | D:3      | Found a white marble altar of Elyvilon.
  2159 | D:3      | Reached XP level 5. HP: 40/40 MP: 8/8
  2166 | D:3      | Reached skill level 1 in Shields
  2214 | D:3      | Reached ** piety under Cheibriados
  2259 | D:3      | Found an iron altar of Okawaru.
  2611 | D:3      | Reached *** piety under Cheibriados
  2632 | D:3      | Reached skill level 4 in Long Blades
  2632 | D:3      | Reached XP level 6. HP: 47/47 MP: 9/9
  2769 | D:4      | Noticed an orc warrior
  2787 | D:3      | Gained mutation: Armour fits poorly on your strangely
                  | shaped body. [potion of mutation]
  2787 | D:3      | Gained mutation: You have a pair of small antennae on your
                  | head. [potion of mutation]
  2787 | D:3      | Gained mutation: Your spells are a little harder to cast,
                  | but a little more powerful. [potion of mutation]
  2787 | D:3      | Gained mutation: You have an increased reservoir of magic.
                  | (+10% MP) [potion of mutation]
  2802 | D:3      | Killed an orc warrior
  3607 | D:4      | Reached XP level 7. HP: 21/52 MP: 11/11
  4155 | D:4      | Noticed Edmund
  4166 | D:4      | Killed Edmund
  4907 | D:4      | Noticed Ijyb
  4918 | D:4      | Reached skill level 5 in Long Blades
  4942 | D:4      | Killed Ijyb
  5003 | D:4      | Learned a level 2 spell: Song of Slaying
  5062 | D:4      | Reached **** piety under Cheibriados
  5074 | D:4      | Found a hide-covered altar of Uskayaw.
  5086 | D:4      | Noticed Menkaure
  5100 | D:4      | HP: 2/53 [poisoned by a worker ant]
  5101 | D:4      | Succumbed to a worker ant's poison

Levels and vault maps discovered:
D:1:      minmay_arrival_diagonal_passages, layout_basic, chequers_avenue,
          cheibriados_altar_1
D:2:      layout_basic, nicolae_overflow_crystal_walls,
          minmay_misc_feat_enclosed
D:3:      layout_loops_cross, grunt_temple_overflow_cloverleaf,
          lemuel_coloured_pillars_altar, marbit_many_paths, first_ration,
          portal_sewer_entry_b, goddamned_bats
D:4:      layout_loops_ring, dancing_weapons_uskayaw,
          yredelemnul_forgotten_temple_becter, uniq_menkaure, uniq_ijyb,
          uniq_robin, uniq_edmund

Skill      XL: |  1  2  3  4  5  6  7 |
---------------+----------------------+-----
Dodging        | 3 4 |  4.8
Long Blades    | 3 4 5 |  5.2
Armour         | 1 |  1.0
Invocations    | 1 2 3 |  3.0
Shields        | 1 2 |  2.5
Fighting       | 3 |  3.9
Charms         | 4 |  4.8
Spellcasting   | |  2.0

Action                   |  1- 3 |  4- 6 |  7- 9 || total
-------------------------+-------+-------+-------++-------
Melee: Falchion          |   136 |   241 |   117 ||   494
 Cast: Infusion          |     1 |       |     2 ||     3
Invok: Bend Time         |       |       |     1 ||     1
  Use: Potion            |     3 |     7 |       ||    10
       Scroll            |       |       |     2 ||     2
 Stab: Sleeping          |     1 |     3 |     1 ||     5
  Eat: Chunk             |     2 |     4 |     2 ||     8
Armor: Leather armour    |    33 |   114 |    29 ||   176
Dodge: Dodged            |    92 |   154 |    46 ||   292
Block: Shield            |    17 |   133 |    50 ||   200
       Rpst.: Falchion   |    30 |    47 |    10 ||    87

Table legend:
 A = Non-vault XP
 B = Vault XP
 C = Vault XP percentage of total XP
 D = Non-vault monster count
 E = Vault monster count
 F = Vault count percentage of total count
                 A         B        C        D         E       F
            +---------+---------+-------+---------+---------+-------
      Total |     634 |     418 |  39.7 |      76 |      37 |  32.7
            +---------+---------+-------+---------+---------+-------
        D:1 |      19 |       0 |   0.0 |      12 |       0 |   0.0
        D:2 |      73 |       0 |   0.0 |      24 |       0 |   0.0
        D:3 |     312 |     210 |  40.2 |      26 |      28 |  51.9
        D:4 |     230 |     208 |  47.5 |      14 |       9 |  39.1
            +---------+---------+-------+---------+---------+-------
